 Dungeon Crawl Stone Soup version 0.29-a0-72-g1732ff48e7 (webtiles) character file.

Game seed: 14081937581714489946

19 krispywithak the Ducker (level 2, 12/29 HPs)
             Began as a Troll Fighter on Feb 4, 2022.
             Quit the game on level 2 of the Dungeon.
             The game lasted 00:09:12 (724 turns).

krispywithak the Ducker (Troll Fighter)              Turns: 724, Time: 00:09:12

Health: 12/29      AC:  4    Str: 23    XL:     2   Next: 55%
Magic:  1/1        EV:  8    Int:  4    God:
Gold:   16         SH:  7    Dex:  9    Spells: 1/1 levels left

rFire   . . .      SeeInvis .     - Unarmed
rCold   . . .      Faith    .   b - +0 kite shield
rNeg    . . .      Spirit   .   a - +0 robe
rPois   .          Reflect  .   (helmet restricted)
rElec   .          Harm     .   (no cloak)
rCorr   .          Rampage  .   (gloves unavailable)
Will    .....                   (boots unavailable)
Stlth   +.........              (no amulet)
HPRegen 0.89/turn               (no ring)
MPRegen 0.07/turn               (no ring)

@: no status effects
A: large, unfitting armour, claws 3, regeneration 1, shaggy fur 1, tough skin 1
a: no special abilities


You were on level 2 of the Dungeon.
You visited 1 branch of the dungeon, and saw 2 of its levels.

You collected 16 gold pieces.

Inventory:

Hand Weapons
 f - a +2 dagger of holy wrath
Missiles
 e - 4 poisoned darts (quivered)
 g - 15 bolts
Armour
 a - a +0 robe (worn)
 b - a +0 kite shield (worn)
Scrolls
 h - a scroll of fear {unknown}
Potions
 c - a potion of might
 d - a potion of cancellation


   Skills:
 + Level 2.6 Fighting
 + Level 2.7 Dodging
 + Level 2.6 Shields
 + Level 2.1 Unarmed Combat


You had one spell level left.
You didn't know any spells.
Your spell library was empty.

Dungeon Overview and Level Annotations

Branches:
Dungeon (1/15)

Altars:


Innate Abilities, Weirdness & Mutations

You are too large for most types of armour.
You have claws for hands.
Your natural rate of healing is unusually fast.
You are covered in fur. (AC +1)
You have tough skin. (AC +1)


Message History

You are poisoned.
The adder poisons you!
You closely miss the adder.
The adder is almost dead.
You feel sick. The adder bites you.
You are more poisoned.
The adder poisons you! The adder bites you but does no damage.
You completely miss the adder.
The adder is almost dead.
You feel sick. The adder bites you but does no damage.
You barely miss the adder.
The adder is almost dead.
You feel sick. The adder bites you.
You claw the adder!
You kill the adder!
You feel sick.
You feel sick.
You see here an adder corpse.
You feel sick.
There is a stone staircase leading down here.
Unknown command.
Unknown command.
Okay, then.
Unknown command.
Unknown command.
Unknown command.
Unknown command.
Unknown command.
Unknown command.
Okay, then.
Unknown command.
Are you sure you want to abandon this character and quit the game? (Confirm with "yes".)
Okay, then.
You feel sick.
You see here an adder corpse.
You feel sick.
Unknown command.
You feel sick.
You are no longer poisoned.
Are you sure you want to abandon this character and quit the game? (Confirm with "yes".)

######...(.#
.[.........#
...........#
...........#
...........#
..........#########
.....####...†>....#
..... #.........#
..... #..(@.....#
.... #.........#
#.# #...........#
.............#
.............#
....########## ....
...


There were no monsters in sight!

Vanquished Creatures
  An adder (D:2)
  A dart slug (D:1)
  2 bats
  An endoplasm (D:2)
  A goblin (D:1)
  A quokka (D:1)
  A kobold (D:1)
  A rat (D:2)
9 creatures vanquished.

Notes
Turn   | Place    | Note
-------+----------+-------------------------------------------
     0 | D:1      | krispywithak the Troll Fighter began the quest for the Orb.
     0 | D:1      | Reached XP level 1. HP: 22/22 MP: 0/0
   496 | D:1      | You fall into a shaft and drop 1 floor!
   537 | D:2      | Reached XP level 2. HP: 29/29 MP: 1/1
   724 | D:2      | Quit the game

Illustrated notes

Levels and vault maps discovered:
D:1:      nzn_arrival_settlement, layout_basic, chequers_ecumenical_altar_island
D:2:      layout_rooms

Action                   || total
-------------------------++-------
Melee: Unarmed           ||    23
       Dagger            ||     3
  Use: Scroll            ||     2
Armor: Robe              ||    15
Dodge: Dodged            ||     8
Block: Kite shield       ||     9

Table legend: (Time is in decaauts)
 A = Elapsed time spent in this place.
 B = Non-inter-level travel time spent in this place.
 C = Inter-level travel time spent in this place.
 D = Time resting spent in this place.
 E = Time spent auto-exploring this place.
 F = Levels seen in this place.
 G = Mean time per level.
                   A        B        C        D        E       F      G
               +--------+--------+--------+--------+--------+-----+--------+
         Total |    725 |    724 |      1 |    100 |     98 |   2 |  362.5 |
       Dungeon |    725 |    724 |      1 |    100 |     98 |   2 |  362.5 |
               +--------+--------+--------+--------+--------+-----+--------+

Top non-repeatable levels by time:
     D:1: 497 daAuts
     D:2: 228 daAuts
